[ AOE2 MATCH · #475145669 ]
1v1 RMArmenians vs Romans
Player's team · WIN
Rival team · LOSS
[ REPLAY ANALYSIS · EXTRACTED FROM THE RECORDED GAME ]
Feudal
11:36
Castle
23:57
Imperial
—
| APM avg | 23.4 |
| APM peak | 52 |
| eAPM avg | 12.4 |
| Villagers / military | 75 / 59 |
Focus
⚔️ 31.1% · 🌾 68.9%
Militia ×28 · Archer ×18 · Skirmisher ×8 · Spearman ×2 · Battering Ram ×2 · Monk ×1
Feudal
10:20
Castle
23:36
Imperial
—
| APM avg | 22.9 |
| APM peak | 47 |
| eAPM avg | 10.8 |
| Villagers / military | 106 / 55 |
Focus
⚔️ 19.3% · 🌾 80.7%
Militia ×49 · Knight ×5 · Scout Cavalry ×1
Match map
Initial resources + every placement click. Lines = walls · curves = elevation contours. ◆ gold · ⬟ stone · ● berries · ✦ relic · ◌ wall gap
Your base· ✓ Closed at 23:57 · 10t walls · 5 gate(s)
𝔓𝔩𝔞𝔤𝔲𝔢-𝔒's base· ✓ Closed at 23:36 · 0t walls · 5 gate(s)
Smoothed initial terrain · ◌ = detected wall gap · hover for details
Inputs per minute
— Mapi - - 𝔓𝔩𝔞𝔤𝔲𝔢-𝔒
Build order — Mapi
First 150 of 214 actions detected
| 0:01 | Create | Villager (Male) |
| 0:01 | Create | Villager (Male) |
| 0:01 | Create | Villager (Male) |
| 0:02 | Create | Villager (Male) |
| 0:03 | Build | House |
| 0:04 | Build | House |
| 1:50 | Create | Villager (Male) |
| 1:51 | Create | Villager (Male) |
| 1:51 | Create | Villager (Male) |
| 2:46 | Create | Villager (Male) |
| 2:46 | Create | Villager (Male) |
| 3:02 | Create | Villager (Male) |
| 3:34 | Create | Villager (Male) |
| 3:34 | Create | Villager (Male) |
| 4:12 | Build | Mule Cart |
| 4:15 | Create | Villager (Male) |
| 4:16 | Create | Villager (Male) |
| 4:16 | Create | Villager (Male) |
| 4:21 | Build | House |
| 4:45 | Create | Villager (Male) |
| 4:45 | Create | Villager (Male) |
| 5:09 | Research | Loom |
| 5:10 | Create | Villager (Male) |
| 5:10 | Create | Villager (Male) |
| 5:10 | Create | Villager (Male) |
| 5:42 | Create | Villager (Male) |
| 5:42 | Create | Villager (Male) |
| 6:00 | Build | House |
| 6:02 | Build | House |
| 6:47 | Build | House |
| 7:19 | Create | Villager (Male) |
| 7:19 | Create | Villager (Male) |
| 7:40 | Build | Mule Cart |
| 7:47 | Build | Mill |
| 8:05 | Create | Villager (Male) |
| 8:05 | Create | Villager (Male) |
| 8:16 | Build | Mule Cart |
| 9:19 | Research | Feudal Age |
| 9:48 | Build | Barracks |
| 10:29 | Build | Farm |
| 10:30 | Build | Farm |
| 10:30 | Build | Farm |
| 11:02 | Build | Farm |
| 11:02 | Build | Farm |
| 11:09 | Create | Militia |
| 11:09 | Create | Militia |
| 11:09 | Create | Militia |
| 11:13 | Create | Militia |
| 11:36 | Age | Feudal Age |
| 11:37 | Create | Spearman |
| 11:43 | Create | Villager (Male) |
| 11:43 | Create | Villager (Male) |
| 11:44 | Create | Villager (Male) |
| 11:44 | Create | Villager (Male) |
| 11:44 | Create | Villager (Male) |
| 11:59 | Research | Double-Bit Axe |
| 12:06 | Build | Blacksmith |
| 12:31 | Research | Horse Collar |
| 12:55 | Research | Man-at-Arms (upgrade) |
| 13:26 | Research | Arson |
| 13:29 | Create | Villager (Male) |
| 13:29 | Create | Villager (Male) |
| 13:29 | Create | Villager (Male) |
| 13:33 | Build | Mule Cart |
| 14:52 | Build | Palisade Gate |
| 15:06 | Create | Villager (Male) |
| 15:06 | Create | Villager (Male) |
| 15:06 | Create | Villager (Male) |
| 15:06 | Create | Villager (Male) |
| 15:10 | Build | House |
| 15:11 | Build | House |
| 16:16 | Research | Long Swordsman (upgrade) |
| 16:20 | Research | Fletching |
| 16:28 | Build | Archery Range |
| 16:30 | Build | House |
| 17:10 | Create | Militia |
| 17:10 | Create | Militia |
| 17:10 | Create | Militia |
| 17:22 | Build | Farm |
| 17:22 | Build | Farm |
| 17:22 | Build | Farm |
| 17:22 | Build | Farm |
| 17:23 | Build | Farm |
| 17:23 | Build | Farm |
| 17:31 | Create | Villager (Male) |
| 17:42 | Create | Archer |
| 17:42 | Create | Archer |
| 17:42 | Create | Archer |
| 17:42 | Create | Archer |
| 17:54 | Research | Scale Mail Armor |
| 18:15 | Build | Market |
| 18:23 | Build | House |
| 18:24 | Build | House |
| 18:48 | Build | Farm |
| 18:49 | Build | Farm |
| 18:52 | Build | Farm |
| 18:56 | Create | Villager (Male) |
| 18:56 | Create | Villager (Male) |
| 19:29 | Create | Spearman |
| 19:48 | Build | Stone Wall |
| 20:02 | Create | Villager (Male) |
| 20:02 | Create | Villager (Male) |
| 20:03 | Create | Villager (Male) |
| 21:07 | Research | Castle Age |
| 21:36 | Create | Archer |
| 21:37 | Create | Archer |
| 21:37 | Create | Archer |
| 21:49 | Build | Gate |
| 22:37 | Create | Militia |
| 22:37 | Create | Militia |
| 22:38 | Create | Militia |
| 22:38 | Create | Militia |
| 22:38 | Create | Militia |
| 23:10 | Build | Farm |
| 23:10 | Build | Farm |
| 23:10 | Build | Farm |
| 23:10 | Build | Farm |
| 23:14 | Build | Farm |
| 23:46 | Build | Archery Range |
| 23:53 | Build | Farm |
| 23:57 | Age | Castle Age |
| 24:00 | Create | Villager (Male) |
| 24:00 | Create | Villager (Male) |
| 24:01 | Create | Villager (Male) |
| 24:01 | Create | Villager (Male) |
| 24:01 | Create | Villager (Male) |
| 24:01 | Create | Villager (Male) |
| 24:22 | Build | Town Center |
| 24:29 | Research | Bow Saw |
| 24:37 | Research | Two-Handed Swordsman (upgrade) |
| 24:41 | Research | Forging |
| 24:42 | Research | Padded Archer Armor |
| 25:10 | Build | Monastery |
| 25:19 | Research | Crossbowman (upgrade) |
| 25:27 | Create | Villager (Male) |
| 25:27 | Create | Villager (Male) |
| 25:29 | Build | House |
| 25:30 | Build | House |
| 25:32 | Build | House |
| 26:31 | Build | Barracks |
| 26:31 | Build | Barracks |
| 26:44 | Create | Villager (Male) |
| 26:44 | Create | Villager (Male) |
| 26:45 | Create | Villager (Male) |
| 26:45 | Create | Villager (Male) |
| 26:45 | Create | Villager (Male) |
| 26:45 | Create | Villager (Male) |
| 26:45 | Create | Villager (Male) |
| 27:09 | Create | Militia ×5 |
| 27:11 | Create | Militia |
Build order — 𝔓𝔩𝔞𝔤𝔲𝔢-𝔒
First 150 of 173 actions detected
| 0:01 | Create | Villager (Male) |
| 0:01 | Create | Villager (Male) |
| 0:01 | Create | Villager (Male) |
| 0:02 | Build | House |
| 0:04 | Build | House |
| 0:05 | Create | Villager (Male) |
| 1:25 | Create | Villager (Male) |
| 1:25 | Create | Villager (Male) |
| 1:46 | Build | Lumber Camp |
| 1:48 | Create | Villager (Male) |
| 2:19 | Create | Villager (Male) |
| 2:20 | Create | Villager (Male) |
| 2:42 | Create | Villager (Male) |
| 2:54 | Create | Villager (Male) |
| 3:27 | Build | House |
| 3:31 | Create | Villager (Male) |
| 3:55 | Build | Mill |
| 3:58 | Create | Villager (Male) |
| 4:35 | Create | Villager (Male) |
| 5:09 | Create | Villager (Male) |
| 5:10 | Create | Villager (Male) |
| 5:45 | Create | Villager (Male) |
| 6:04 | Build | House |
| 6:26 | Create | Villager (Male) |
| 6:26 | Create | Villager (Male) |
| 6:27 | Create | Villager (Male) |
| 6:55 | Build | Mining Camp |
| 7:16 | Create | Villager (Male) |
| 7:16 | Create | Villager (Male) |
| 7:16 | Create | Villager (Male) |
| 7:16 | Create | Villager (Male) |
| 7:45 | Research | Loom |
| 7:51 | Research | Feudal Age |
| 9:49 | Build | Barracks |
| 10:00 | Build | Barracks |
| 10:13 | Build | House |
| 10:20 | Create | Villager (Male) |
| 10:20 | Age | Feudal Age |
| 10:20 | Create | Villager (Male) |
| 10:20 | Create | Villager (Male) |
| 10:21 | Create | Villager (Male) |
| 10:22 | Create | Villager (Male) |
| 10:35 | Build | Farm |
| 10:36 | Build | Farm |
| 10:53 | Build | Lumber Camp |
| 11:06 | Build | Blacksmith |
| 11:54 | Create | Villager (Male) |
| 11:54 | Create | Villager (Male) |
| 12:04 | Research | Double-Bit Axe |
| 12:15 | Create | Villager (Male) |
| 12:23 | Create | Militia |
| 12:24 | Create | Militia |
| 12:25 | Create | Militia |
| 12:25 | Create | Militia |
| 12:25 | Create | Militia |
| 12:26 | Create | Militia |
| 12:53 | Build | House |
| 12:59 | Build | House |
| 13:07 | Build | House |
| 13:09 | Build | House |
| 13:30 | Create | Villager (Male) |
| 13:32 | Create | Villager (Male) |
| 13:37 | Research | Forging |
| 13:39 | Research | Scale Mail Armor |
| 13:55 | Build | Barracks |
| 14:28 | Build | Farm |
| 14:31 | Build | Farm |
| 14:53 | Research | Man-at-Arms (upgrade) |
| 15:03 | Build | Farm |
| 15:13 | Build | House |
| 15:14 | Build | House |
| 15:16 | Build | House |
| 15:25 | Create | Militia ×4 |
| 15:57 | Build | Farm |
| 16:00 | Build | Farm |
| 16:01 | Build | Farm |
| 16:02 | Build | Farm |
| 16:05 | Build | Farm |
| 16:15 | Create | Militia ×3 |
| 16:48 | Create | Villager (Male) |
| 16:49 | Create | Villager (Male) |
| 17:14 | Build | Farm |
| 17:16 | Research | Horse Collar |
| 17:39 | Build | Farm |
| 17:48 | Build | Farm |
| 17:52 | Build | Farm |
| 17:54 | Build | Farm |
| 17:58 | Build | Farm |
| 20:01 | Build | Stable |
| 20:08 | Build | Stable |
| 20:56 | Research | Castle Age |
| 22:17 | Create | Militia ×5 |
| 22:17 | Create | Militia ×5 |
| 22:17 | Create | Militia ×4 |
| 23:36 | Age | Castle Age |
| 23:39 | Research | Long Swordsman (upgrade) |
| 23:41 | Research | Squires |
| 23:47 | Create | Villager (Male) |
| 23:47 | Create | Villager (Male) |
| 23:48 | Create | Villager (Male) |
| 23:55 | Build | Town Center |
| 24:02 | Build | Town Center |
| 24:28 | Build | Farm |
| 24:32 | Create | Villager (Male) |
| 24:32 | Create | Villager (Male) |
| 24:33 | Create | Villager (Male) |
| 24:57 | Research | Iron Casting |
| 24:57 | Research | Chain Mail Armor |
| 25:16 | Create | Villager (Male) ×4 |
| 25:55 | Research | Husbandry |
| 26:06 | Build | Farm |
| 26:07 | Build | Farm |
| 26:10 | Create | Villager (Male) ×2 |
| 26:11 | Create | Villager (Male) |
| 26:31 | Build | Farm |
| 26:36 | Create | Villager (Male) ×2 |
| 26:48 | Create | Knight |
| 26:54 | Create | Villager (Male) |
| 27:26 | Build | Farm |
| 27:48 | Build | Mining Camp |
| 27:54 | Create | Villager (Male) ×5 |
| 27:54 | Create | Villager (Male) ×5 |
| 27:54 | Create | Villager (Male) ×2 |
| 28:01 | Build | Mining Camp |
| 28:04 | Create | Villager (Male) ×2 |
| 28:13 | Create | Villager (Male) |
| 28:31 | Create | Scout Cavalry |
| 29:04 | Create | Villager (Male) ×5 |
| 29:36 | Research | Gold Mining |
| 29:36 | Research | Stone Mining |
| 29:41 | Build | House |
| 29:42 | Build | House |
| 29:46 | Build | House |
| 29:47 | Build | House |
| 29:49 | Build | House |
| 30:01 | Build | Town Center |
| 30:10 | Create | Villager (Male) ×4 |
| 30:12 | Create | Villager (Male) |
| 30:22 | Create | Villager (Male) |
| 30:42 | Create | Villager (Male) ×2 |
| 30:59 | Build | Farm |
| 31:02 | Build | Farm |
| 31:15 | Build | Monastery |
| 31:18 | Build | University |
| 31:28 | Build | Farm |
| 31:30 | Build | Farm |
| 31:36 | Build | Farm |
| 31:40 | Create | Villager (Male) ×5 |
| 31:41 | Create | Villager (Male) ×3 |
| 32:05 | Build | Farm |
Match timeline
| 9:48 | Mapi · first_building Barracks |
| 9:49 | 𝔓𝔩𝔞𝔤𝔲𝔢-𝔒 · first_building Barracks |
| 10:20 | 𝔓𝔩𝔞𝔤𝔲𝔢-𝔒 · age_up feudal |
| 11:36 | Mapi · age_up feudal |
| 16:28 | Mapi · first_building Archery Range |
| 19:48 | Mapi · wall_segment Stone Wall x10 |
| 20:01 | 𝔓𝔩𝔞𝔤𝔲𝔢-𝔒 · first_building Stable |
| 20:44 | Mapi · first_market_buy 100 food |
| 20:46 | Mapi · first_market_sell 100 wood |
| 23:36 | 𝔓𝔩𝔞𝔤𝔲𝔢-𝔒 · age_up castle |
| 23:57 | Mapi · age_up castle |
| 25:10 | Mapi · first_building Monastery |
| 29:29 | Mapi · wall_segment Stone Wall x8 |
| 31:11 | Mapi · wall_segment Stone Wall x4 |
| 31:15 | 𝔓𝔩𝔞𝔤𝔲𝔢-𝔒 · first_building Monastery |
| 31:32 | Mapi · first_building Siege Workshop |
| 34:13 | 𝔓𝔩𝔞𝔤𝔲𝔢-𝔒 · first_building Castle |
| 34:55 | 𝔓𝔩𝔞𝔤𝔲𝔢-𝔒 · wall_segment Stone Wall x11 |
| 36:11 | 𝔓𝔩𝔞𝔤𝔲𝔢-𝔒 · resign |
[ AI ANALYSIS · 1 CREDIT ]
What really happened in this match?
Wolo.gg analyzes every decision: build order, eco, micro, common mistakes by bracket. Personalized analysis on WhatsApp or Discord in 30 seconds.
Civ guide
Armenians
Map guide
Hideout
Perfil
Mapi